 Dungeon Crawl Stone Soup version 0.21.1-1-g345015f (webtiles) character file.

13128 kae the Martial Artist (level 11, -11/85 HPs)
             Began as a Pale Draconian Transmuter on May 4, 2018.
             Was a Believer of Hepliaklqana.
             Killed from afar by a frost giant (40 damage)
             ... with a bolt of cold
             ... on level 9 of the Dungeon.
             The game lasted 00:15:12 (12658 turns).

kae the Martial Artist (Pale Draconian Transmuter) Turns: 12658, Time: 00:15:12

Health: -11/85     AC: 11    Str: 14    XL:     11   Next: 71%
Magic:  21/21      EV: 14    Int: 13    God:    Hepliaklqana [**....]
Gold:   521        SH:  0    Dex: 14    Spells: 9/24 levels left

rFire    . . .     SeeInvis .     - Unarmed
rCold    . . .     Gourm    .   (no shield)
rNeg     . . .     Faith    .   (armour unavailable)
rPois    .         Spirit   .   (helmet restricted)
rElec    .         Reflect  .   m - +0 cloak
rCorr    .         Harm     .   d - +2 pair of gloves
MR       .....                  (no boots)
Stlth    +.........             (no amulet)
HPRegen  0.24/turn              (no ring)
MPRegen  0.17/turn              (no ring)

@: no status effects
A: breathe steam, unfitting armour, reduced essence, cold-blooded, AC +7
a: Breathe Steam, Recall Ancestor, Ancestor Identity, Renounce Religion


You were on level 9 of the Dungeon.
You worshipped Hepliaklqana.
Hepliaklqana was pleased with you.
You were not hungry.

You visited 1 branch of the dungeon, and saw 9 of its levels.
You also visited: Ossuary.

You collected 521 gold pieces.

Inventory:

Missiles
 a - 126 arrows
Armour
 d - a +2 pair of gloves (worn)
 m - a +0 cloak (worn)
Jewellery
 g - an uncursed ring of protection from fire
 i - a +2 ring of evasion {unknown}
 D - an uncursed amulet of guardian spirit
 F - an uncursed amulet of rage
Wands
 w - a wand of digging (17)
 x - a wand of scattershot (6)
 C - a wand of flame (60)
Scrolls
 l - 2 scrolls of amnesia
 n - 3 scrolls of enchant armour
 p - 4 scrolls of remove curse
 y - a scroll of immolation
 B - 2 scrolls of fog
 I - a scroll of enchant weapon
Potions
 e - 3 potions of berserk rage
 h - a potion of lignification
 j - 2 potions of brilliance
 k - 3 potions of mutation
 q - 3 potions of agility
 r - 4 potions of resistance
 v - 3 potions of haste
 z - 2 potions of heal wounds
 E - 3 potions of cancellation {unknown}
 G - a potion of curing
Books
 b - a book of Changes

   Spells                             Type                      Level
   a - Beastly Appendage              Transmutation                1
   b - Sticks to Snakes               Transmutation                2
   c - Spider Form                    Transmutation/Poison         3
   d - Ice Form                       Ice/Transmutation            4
   e - Blade Hands                    Transmutation                5
 t - Sif Muna's Handbook of Feathers
   (You found it on level 8 of the Dungeon)

   Spells                             Type                      Level
   a - Shock                          Conjuration/Air              1
   b - Static Discharge               Conjuration/Air              3
   c - Lightning Bolt                 Conjuration/Air              5
   d - Tornado                        Air                          9
 u - a book of Flames

   Spells                             Type                      Level
   a - Flame Tongue                   Conjuration/Fire             1
   b - Throw Flame                    Conjuration/Fire             2
   c - Conjure Flame                  Conjuration/Fire             3
   d - Inner Flame                    Hexes/Fire                   3
   e - Sticky Flame                   Conjuration/Fire             4
   f - Fireball                       Conjuration/Fire             5
Comestibles
 c - 11 rations


   Skills:
 + Level 8.4 Fighting
 - Level 3.6 Dodging
 * Level 11.1 Unarmed Combat
 + Level 7.2 Spellcasting
 * Level 10.9 Transmutations


You had 9 spell levels left.
You knew the following spells:

 Your Spells              Type           Power        Failure   Level  Hunger
a - Beastly Appendage     Tmut           ####..       1%          1    None
b - Sticks to Snakes      Tmut           ####....     1%          2    #......
c - Spider Form           Tmut/Pois      ###.......   4%          3    ##.....
d - Blade Hands           Tmut           ####......   4%          5    ######.
e - Ice Form              Ice/Tmut       ###.....     16%         4    ####...


Dungeon Overview and Level Annotations

Branches:
Dungeon (9/15)             Temple (0/1) D:6
   Lair: D:8-11         Orc: D:9-12

Altars:
Ashenzari
Dithmenos
Hepliaklqana
Okawaru
Ru
Vehumet
Wu Jian
Xom
Yredelemnul
The Shining One

Shops:
D:8 }

Annotations:
D:3 empire's ghost, weakling MiFi
D:4 Mookip's ghost, novice TrFi


Innate Abilities, Weirdness & Mutations

You can breathe blasts of scalding, opaque steam.
Your pale cyan-grey scales are hard. (AC +7)
You cannot fit into any form of body armour.
You are cold-blooded and may be slowed by cold attacks.
Your life essence is reduced to manifest your ancestor. (-10% HP)


Message History

As you open the door, it creaks loudly!
There is an open door here.
As you open the door, it creaks loudly!
You hear a shout!
The frost giant shouts!
The frost giant gestures at you while chanting.
The bolt of cold hits you!
Found a stone staircase leading down.
There is an open door here.
A frost giant is nearby!
You swap places.
Iltani hits the frost giant with a quarterstaff!
The frost giant gestures at you while chanting.
The bolt of cold hits Iltani.
Iltani resists.
The bolt of cold hits you!
Ouch! That really hurt!
You swap places.
The frost giant points at you and mumbles some strange words.
The bolt of cold hits you!
You die...

#.....# #.# ###'### ...#
#...# .### ####.'######
#'##### # ...........#
......# # #8..8#.....#
......# ##
#....##....######>.....#
#.
......##...'...R#C.....#
#.
#....###...####.@......#
#. ########..##
###......# #.
......⌠#..# ####+## #.
._.._..#.[# #.
......⌠'... #.
...[...#.#. #.
########.... #. .... #.
#... #.


You could see the friendly Iltani the battlemage and a frost giant.

Vanquished Creatures
  A two-headed ogre (D:8)
  A skeletal warrior (D:8)
  Pikel (D:4)
  A manticore (D:8)
  Psyche (D:9)
  A komodo dragon (D:8)
  A freezing wraith (D:8)
  Grinder (D:3)
  2 hippogriffs
  2 yaks
  Sigmund (D:5)
  A hungry ghost (D:7)
  A water moccasin (D:8)
  2 ice beasts
  2 orc warriors
  A black bear (D:8)
  An ogre (D:8)
  4 centaurs
  A big kobold (D:9)
  An elf zombie (Ossuary)
  3 bullfrogs
  A wyvern zombie (D:6)
  A water moccasin zombie (D:6)
  2 scorpions
  A killer bee (D:8)
  2 crimson imps
  3 centaur zombies
  A jelly (D:7)
  4 orc priests
  A centaur skeleton (D:6)
  A gnoll shaman (D:8)
  2 hounds
  3 bullfrog skeletons
  3 iguanas
  5 orc wizards
  7 worker ants
  3 big kobold zombies (Ossuary)
  A hound skeleton (D:9)
  2 mummies (Ossuary)
  A worker ant zombie (D:8)
  7 gnolls
  19 adders
  5 shadow imps
  2 oozes
  2 adder zombies (D:5)
  A worm (D:3)
  5 dart slugs
  6 leopard geckos
  14 orcs
  8 bats
  3 giant cockroaches
  7 goblins
  9 hobgoblins
  6 jackals
  6 quokkas
  A ball python (D:2)
  2 frilled lizards
  A goblin zombie (Ossuary)
  6 hobgoblin zombies (Ossuary)
  A jackal zombie (Ossuary)
  14 kobolds
  7 kobold zombies (Ossuary)
  12 orc zombies (Ossuary)
  A quokka skeleton (D:6)
  6 rats
  3 rat zombies (Ossuary)
228 creatures vanquished.

Vanquished Creatures (collateral kills)
  The ghost of p0werm0de the Martial Artist, a novice OpAE of Nemelex Xobeh (D:7)
  A soldier ant (D:8)
  An ice beast (D:7)
  A centaur (D:7)
  A bullfrog (D:6)
  A howler monkey (D:6)
  A crimson imp (D:9)
  A hound (D:6)
  An orc wizard (D:9)
  An iguana (D:8)
  3 worker ants
  A gnoll (D:8)
  A jackal (D:7)
15 creatures vanquished.

Vanquished Creatures (others)
  A centaur skeleton (D:4)
  8 ancestors
9 creatures vanquished.

Grand Total: 252 creatures vanquished

Notes
Turn   | Place    | Note
-------+----------+-------------------------------------------
     0 | D:1      | kae the Draconian Transmuter began the quest for the Orb.
     0 | D:1      | Reached XP level 1. HP: 16/16 MP: 3/3
   377 | D:1      | Reached XP level 2. HP: 21/23 MP: 5/5
   868 | D:1      | Reached XP level 3. HP: 25/29 MP: 4/6
  1448 | D:2      | Reached XP level 4. HP: 32/36 MP: 5/7
  1638 | D:2      | Reached skill level 4 in Unarmed Combat
  1929 | D:2      | Found a shadowy altar of Dithmenos.
  1977 | D:3      | Found a basalt altar of Yredelemnul.
  1978 | D:3      | Noticed Grinder
  2111 | D:2      | Learned a level 2 spell: Sticks to Snakes
  2115 | D:2      | Learned a level 3 spell: Spider Form
  2127 | D:3      | Paralysed by Grinder for 2 turns
  2138 | D:3      | Killed Grinder
  2138 | D:3      | Reached XP level 5. HP: 20/44 MP: 3/9
  2138 | D:3      | Reached XP level 6. HP: 23/50 MP: 3/10
  2462 | D:3      | Noticed empire's ghost (weakling MiFi)
  3067 | D:3      | Found a radiant altar of Vehumet.
  3067 | D:3      | Found an ornate altar of the Wu Jian Council.
  3076 | D:3      | Found a faded altar of an unknown god.
  3078 | D:3      | Found a shattered altar of Ashenzari.
  3079 | D:3      | Found a glowing golden altar of the Shining One.
  3188 | D:4      | Noticed Mookip's ghost (novice TrFi)
  3379 | D:3      | Reached skill level 5 in Unarmed Combat
  4173 | D:4      | Your scales start taking on a pale cyan-grey colour.
  4173 | D:4      | Reached XP level 7. HP: 53/57 MP: 7/11
  4201 | D:4      | Noticed Pikel
  4216 | D:4      | Killed Pikel
  4216 | D:4      | Reached skill level 6 in Unarmed Combat
  4216 | D:4      | Reached skill level 5 in Transmutations
  4361 | D:4      | Reached XP level 8. HP: 66/66 MP: 13/13
  4646 | D:5      | Entered Level 5 of the Dungeon
  4856 | D:5      | Found a sand-covered staircase.
  4885 | Ossuary  | Entered an ossuary
  5518 | D:5      | Noticed Sigmund
  5769 | D:5      | Killed Sigmund
  5769 | D:5      | Reached skill level 5 in Fighting
  5769 | D:5      | Reached skill level 7 in Unarmed Combat
  5964 | D:5      | Found a hazy altar of Hepliaklqana.
  6139 | D:5      | Became a worshipper of Hepliaklqana the Forgotten
  6221 | D:6      | Reached XP level 9. HP: 66/66 MP: 12/15
  6361 | D:6      | Found a staircase to the Ecumenical Temple.
  6493 | D:6      | Reached skill level 8 in Unarmed Combat
  7044 | D:6      | Reached * piety under Hepliaklqana
  7054 | D:6      | Reached skill level 5 in Spellcasting
  7793 | D:7      | Noticed p0werm0de's ghost (novice OpAE)
  7813 | D:7      | Killed p0werm0de's ghost
  8021 | D:7      | Found a sacrificial altar of Ru.
  8700 | D:8      | Found Igobul's Gadget Boutique.
  8731 | D:8      | Reached skill level 9 in Unarmed Combat
  8809 | D:8      | Reached XP level 10. HP: 59/75 MP: 18/18
  9383 | D:8      | Noticed a two-headed ogre
  9399 | D:8      | Killed a two-headed ogre
 10789 | D:8      | Reached skill level 10 in Unarmed Combat
 10789 | D:8      | Reached skill level 10 in Transmutations
 10789 | D:8      | Reached XP level 11. HP: 84/84 MP: 19/21
 10818 | D:8      | Identified Sif Muna's Handbook of Feathers
 10831 | D:8      | Reached ** piety under Hepliaklqana
 10953 | D:8      | Noticed a skeletal warrior
 10999 | D:9      | Learned a level 5 spell: Blade Hands
 11004 | D:9      | Learned a level 4 spell: Ice Form
 11163 | D:9      | Noticed a frost giant
 11221 | D:9      | Found an iron altar of Okawaru.
 11221 | D:9      | Found a shimmering altar of Xom.
 11255 | D:9      | HP: 1/84 [frost giant/bolt of cold (49)]
 11627 | D:8      | Killed a skeletal warrior
 11838 | D:8      | Reached skill level 11 in Unarmed Combat
 12167 | D:9      | Noticed Psyche
 12179 | D:9      | Killed Psyche
 12611 | D:8      | Remembered your ancestor Iltani as a battlemage
 12658 | D:9      | Killed from afar by a frost giant

Skill      XL: |  1  2  3  4  5  6  7  8  9 10 11 |
---------------+----------------------------------+-----
Fighting       | 2 3 4 5 6 8 |  8.4
Transmutations | 3 4 5 7 8 10 | 10.9
Unarmed Combat | 4 5 6 7 9 10 11 | 11.1
Spellcasting   | 3 4 5 6 7 |  7.2
Dodging        | 3 |  3.6

Action                   |  1- 3 |  4- 6 |  7- 9 | 10-12 || total
-------------------------+-------+-------+-------+-------++-------
Melee: Unarmed           |   146 |   165 |   396 |   133 ||   840
       Tailslap          |    11 |    18 |    36 |    12 ||    77
       Headbutt          |     2 |     4 |    10 |       ||    16
       Kick              |     3 |    17 |     7 |     1 ||    28
       Punch             |       |     3 |     7 |     3 ||    13
 Cast: Beastly Appendage |     6 |    16 |     8 |     1 ||    31
       Spider Form       |       |     3 |     6 |     1 ||    10
       Sticks to Snakes  |       |       |    11 |    11 ||    22
       Blade Hands       |       |       |       |    10 ||    10
       Ice Form          |       |       |       |     1 ||     1
Invok: Ancestor Identity |       |       |     1 |       ||     1
       Ancestor Life: Ba |       |       |       |     1 ||     1
 Abil: Breathe Steam     |       |       |    12 |     8 ||    20
  Use: Scroll            |       |     8 |       |    19 ||    27
       Potion            |       |       |       |     2 ||     2
 Stab: Sleeping          |     1 |       |       |       ||     1
       Distracted        |       |       |       |     1 ||     1
  Eat: Chunk             |     2 |     9 |    14 |     4 ||    29
       Ration            |       |       |     1 |     4 ||     5
Armor: Skin              |    47 |    49 |   128 |    40 ||   264
Dodge: Dodged            |    89 |    88 |   229 |    97 ||   503
